 Dungeon Crawl Stone Soup version 0.19-a0-1682-g5114f93 (webtiles) character file.

118 MistressOfTheDunes the Insei (level 4, -6/35 HPs)
             Began as a Mummy Monk on Sept 24, 2016.
             Mangled by a gnoll
             ... wielding a +0 spear
              (7 damage)
             ... on level 3 of the Dungeon.
             The game lasted 00:03:24 (2720 turns).

MistressOfTheDunes the Insei (Mummy Monk)           Turns: 2720, Time: 00:03:25

Health: -6/35      AC:  5    Str: 14    XL:     4   Next: 72%
Magic:  4/4        EV: 13    Int:  9    God:
Gold:   102        SH:  0    Dex: 15    Spells: 0 memorised, 3 levels left

rFire  x . .     SeeInvis .       - Unarmed
rCold  + . .     Gourm    .     (no armour)
rNeg   + + +     Faith    .     (no shield)
rPois  ∞         Spirit   .     (no helmet)
rElec  .         Dismiss  .     (no cloak)
rCorr  .         Reflect  .     (no gloves)
MR     .....     Harm     .     (no boots)
Stlth  ++........               (no amulet)
                                b - +4 ring of protection
                                (no ring)

@: no status effects
A: no food or potions, fire vulnerability, cold resistance 1, negative energy
resistance 3, torment resistance, unbreathing
a: no special abilities


You were on level 3 of the Dungeon.
You were not hungry.

You visited 1 branch of the dungeon, and saw 3 of its levels.

You collected 102 gold pieces.


Innate Abilities, Weirdness & Mutations

You do not eat or drink.
Your flesh is vulnerable to fire.
You are immune to poison.
Your flesh is cold resistant. (rC+)
You are immune to negative energy. (rN+++)
You are immune to unholy pain and torment.
You can survive without breathing.


   Skills:
 - Level 3.0 Fighting
 - Level 2.4 Dodging
 - Level 1.5 Stealth
 + Level 4.5 Unarmed Combat


You had 3 spell levels left.
You didn't know any spells.

Inventory:

Armour
 f - a +0 large shield
Jewellery
 b - a +4 ring of protection (right hand)
Scrolls
 a - a scroll of magic mapping {unknown}
 c - a scroll of fear {unknown}
 d - 2 scrolls of noise {unknown}
 e - 2 scrolls of blinking {unknown}
 g - 2 scrolls of identify {unknown}
 h - a scroll of remove curse {unknown}
 i - 2 scrolls of fog {unknown}
 j - a scroll of teleportation {unknown}

Dungeon Overview and Level Annotations

Branches:
Dungeon (3/15)

Altars:

▒......▒. ▒▒▒▒......▒. ........
▒........▒▒. ...(....
▒▒▒▒▒........... .......▒
▒▒▒▒▒▒▒............▒▒= ........
▒.....▒............▒▒. .......▒
▒.....▒............... .......▒
▒..g..▒............▒▒. .......▒
▒..g.M▒....▒▒▒▒.▒.▒▒..
.......▒▒▒▒▒..g..▒.[..▒▒▒▒.▒.▒▒..
.......'()('...(......÷....▒.▒▒..
.......▒▒▒▒▒.....▒....▒▒▒▒...▒▒..
▒▒▒▒▒▒▒▒ ▒.....▒....▒ ▒...▒▒..
▒▒▒▒▒▒▒....▒ ▒...▒▒.. ▒....▒
▒...▒▒.. ▒▒▒▒▒▒ ▒▒▒.▒▒.. ▒.▒▒..


You could see 3 gnolls.


Message History

You struggle against the net!
The gnoll closely misses you!
The gnoll hits you from afar with a spear!
You rip the net and break free!!!
The gnoll closely misses you!
There is an open door here!
Things that are here:
14 poisoned needles; an uncursed blowgun
Things that are here:
a spear; a gnoll corpse; an adder corpse You see here a poisoned needle!
There is an open door here!
You swing at nothing!
There is an escape hatch in the ceiling here!
You swing at nothing!
The gnoll throws a throwing net!
The throwing net hits you!
You become entangled in the net!!!
You stop ascending the stairs!
The gnoll hits you from afar with a spear!
You can't do that while held in a net!
You tear a large gash into the net!
The gnoll hits you from afar with a spear!
You struggle against the net!
The gnoll hits you from afar with a spear! * * * don't die
* * * You shred the net and break free!!!
The gnoll hits you from afar with a spear!!! * * * don't die
* * * The gnoll hits you from afar with a spear! * * * don't die
* * * The gnoll hits you but does no damage!
The gnoll hits you from afar with a spear!!! rip

Action                   |  1- 3 |  4- 6 || total
-------------------------+-------+-------++-------
Melee: Unarmed           |   155 |    80 ||   235
       Punch             |     2 |     2 ||     4
 Stab: Sleeping          |     6 |     1 ||     7
Armor: Skin              |    34 |    19 ||    53
Dodge: Dodged            |   114 |    64 ||   178

Vault maps used:
D:1:      nagdon_arrival_zigzag_paths
D:3:      nicolae_overflow_hidden_temple

Notes
Turn   | Place    | Note
-------+----------+-------------------------------------------
     0 | D:1      | MistressOfTheDunes the Mummy Monk began the quest for the Orb.
     0 | D:1      | Reached XP level 1. HP: 18/18 MP: 1/1
   426 | D:1      | Reached XP level 2. HP: 13/24 MP: 2/2
   428 | D:1      | Reached skill level 3 in Unarmed Combat
   910 | D:1      | Reached XP level 3. HP: 25/29 MP: 3/3
  1644 | D:2      | Reached skill level 4 in Unarmed Combat
  1829 | D:3      | Reached XP level 4. HP: 35/35 MP: 4/4
  2719 | D:3      | HP: 1/35 [gnoll/spear (4)]
  2720 | D:3      | Mangled by a gnoll

Vanquished Creatures
  A gnoll (D:3)
  4 adders
  2 dart slugs (D:1)
  2 leopard geckos
  2 orcs
  A ball python (D:2)
  4 giant cockroaches
  10 goblins
  7 hobgoblins
  8 jackals
  4 kobolds
  A quokka (D:2)
  6 bats
  3 frilled lizards
  5 rats
60 creatures vanquished.
